 Dungeon Crawl Stone Soup version 0.24.0-13-gcf9b3192b9 (webtiles) character file.

Game seed: 16706724999804526992, levelgen mode: deterministic

13 mopl the Firebug (level 2, -3/17 HPs)
             Began as a Gargoyle Wanderer on Nov 5, 2019.
             Slain by a leopard gecko (4 damage)
             ... on level 1 of the Dungeon.
             The game lasted 00:00:42 (376 turns).

mopl the Firebug (Gargoyle Wanderer)                 Turns: 376, Time: 00:00:43

Health: -3/17      AC:  4    Str: 15    XL:     2   Next: 37%
Magic:  2/2        EV: 11    Int: 13    God:
Gold:   29         SH:  0    Dex:  8    Spells: 1/1 levels left

rFire    . . .     SeeInvis .   a - +0 club
rCold    . . .     Gourm    .   (no shield)
rNeg     + + .     Faith    .   d - +0 robe
rPois    ∞         Spirit   .   (no helmet)
rElec    +         Reflect  .   (no cloak)
rCorr    .         Harm     .   (no gloves)
MR       .....                  (no boots)
Stlth    ++........             (no amulet)
HPRegen  0.05/turn              h - ring of positive energy
MPRegen  0.08/turn              (no ring)

@: no status effects
A: negative energy resistance 1, electricity resistance, unbreathing,
petrification resistance, rot immunity, AC +2
a: no special abilities


You were on level 1 of the Dungeon.
You were not hungry.

You visited 1 branch of the dungeon, and saw 1 of its levels.

You collected 29 gold pieces.

Inventory:

Hand Weapons
 a - a +0 club (weapon)
 f - a +0 dagger
Armour
 d - a +0 robe (worn)
Jewellery
 h - a ring of positive energy (left hand)
Scrolls
 e - a scroll of identify {unknown}
Potions
 c - a potion of lignification
Comestibles
 g - 2 rations


   Skills:
 - Level 2.1 Fighting
 * Level 2.0 Maces & Flails
 - Level 1.0 Dodging
 - Level 2.1 Stealth
   Level 1.0 Hexes
   Level 4.0 Fire Magic


You had one spell level left.
You didn't know any spells.
Your spell library contained the following spells:

 Spells                   Type           Power        Failure   Level  Hunger
 Flame Tongue             Conj/Fire      #....        14%         1    ##.....
 Sandblast                Erth           #.....       30%         1    ##.....
 Throw Flame              Conj/Fire      #.....       21%         2    ###....
 Inner Flame              Hex/Fire       #.......     32%         3    ####...
 Conjure Flame            Conj/Fire      #.......     38%         3    ####...
 Stone Arrow              Conj/Erth      #.....       67%         3    ####...
 Sticky Flame             Conj/Fire      #.......     80%         4    #####..
 Fireball                 Conj/Fire      #.........   98%         5    ######.


Dungeon Overview and Level Annotations

Branches:
Dungeon (1/15)

Altars:


Innate Abilities, Weirdness & Mutations

You are resistant to torment.
Your stone body is resilient. (AC +2)
You are immune to poison.
You resist negative energy. (rN+)
You are resistant to electric shocks. (rElec)
You can survive without breathing.
You are immune to petrification.
You are immune to rotting.


Message History

You are too injured to fight recklessly!
You are too injured to fight recklessly!
You are too injured to fight recklessly!
You are too injured to fight recklessly!
You are too injured to fight recklessly!
You are too injured to fight recklessly!
You hit the leopard gecko.
The leopard gecko is almost dead.
The leopard gecko bites you.
* * * LOW HITPOINT WARNING * * *
The leopard gecko bites you.
* * * LOW HITPOINT WARNING * * *
You barely miss the leopard gecko.
The leopard gecko is almost dead.
The leopard gecko closely misses you.
You closely miss the leopard gecko.
The leopard gecko is almost dead.
The leopard gecko hisses menacingly.
The leopard gecko bites you.
You die...

#.... #.#. ##... ##...
###. ...# .# #. . ###..#
#.# ##. .......#
##.####..
###.##..######.##.......
.......l.......##.####..
.......@..†.#####.# ##.
#####.%####.#####.# #..
#.............# #..
##.####.#####.# #.# #.
#.# #.# #.# ..
#.#####.####.# ##
#............#
#######....... #####..#


You could see a leopard gecko.

Vanquished Creatures
  A dart slug (D:1)
  A giant cockroach (D:1)
  2 hobgoblins (D:1)
  A kobold (D:1)
  3 bats (D:1)
  A goblin (D:1)
  A rat (D:1)
10 creatures vanquished.

Notes
Turn   | Place    | Note
-------+----------+-------------------------------------------
     0 | D:1      | mopl the Gargoyle Wanderer began the quest for the Orb.
     0 | D:1      | mopl set off with the following items: a +0 club, a potion
                  | of lignification, a +0 robe, a +0 dagger, a ration; and the
                  | following spells available to memorise: Flame Tongue, Throw
                  | Flame, Sandblast, Inner Flame, Conjure Flame, Stone Arrow,
                  | Sticky Flame, Fireball
     0 | D:1      | Reached XP level 1. HP: 12/12 MP: 1/1
     8 | D:1      | Reached skill level 1 in Maces & Flails
    21 | D:1      | Reached XP level 2. HP: 11/17 MP: 2/2
   376 | D:1      | Slain by a leopard gecko

Levels and vault maps discovered:
D:1:      roderic_crossed_star, layout_loops_ring

Skill      XL: |  1  2 |
---------------+-------+-----
Maces & Flails | 1 2 |  2.0
Fighting       | |  2.1
Dodging        | |  1.0
Stealth        | |  2.1
Hexes          | |  1.0
Fire Magic     | |  4.0

Action                   || total
-------------------------++-------
Melee: Club              ||    43
Armor: Robe              ||    27
Dodge: Dodged            ||    31
